 Dungeon Crawl Stone Soup version 0.28.0 (webtiles) character file.

Game seed: 16066821990176328276

539076 Jannitor the Slayer (level 25, -15/192 HPs)
             Began as a Hill Orc Delver on Feb 6, 2022.
             Was the Champion of Makhleb.
             Killed from afar by a purple draconian (54 damage)
             ... with a bolt of dispelling energy
             ... on level 2 of the Realm of Zot on Feb 7, 2022.
             The game lasted 02:45:45 (90418 turns).

Jannitor the Slayer (Hill Orc Delver)              Turns: 90418, Time: 02:45:46

Health: -15/192    AC: 47    Str: 35    XL:     25   Next: 92%
Magic:  12/12      EV: 19    Int:  6    God:    Makhleb [******]
Gold:   1637       SH: 32    Dex: 19    Spells: 24/24 levels left

rFire   + + .      SeeInvis .   W - +5 demon whip "Spellbinder" {antimagic, Will+}
rCold   + + +      Faith    .   Z - +4 tower shield {rC+ rF+}
rNeg    + + .      Spirit   .   Y - +15 Maxwell's patent armour {-Cast -Tele rElec Will+ rCorr}
rPois   +          Reflect  +   M - +2 helmet "Rewuruf" {Fly Int+5}
rElec   +          Harm     +   q - +0 cloak of Ramus {Str+4 Int-5 Dex+5}
rCorr   +          Rampage  .   E - +2 pair of gloves
Will    ++++.      NoTele   +   C - +0 pair of boots
Stlth   .......... NoCast   +   m - amulet "Donkaud" {Reflect Harm rF+ rC+ Will+ SH+5}
HPRegen 0.42/turn               l - ring of Xeateapie {rC+ rN++ Str+6}
MPRegen 0.13/turn               X - ring "Karaduf" {rPois EV+4}

@: on berserk cooldown, flying, unable to read
A: dopey 2, frail 2, shaggy fur 1, teleportitis 1, evolution 1, no potion heal
1, subdued magic 1, inability to read while threatened
}: 3/15 runes: serpentine, barnacled, silver
a: Renounce Religion, Minor Destruction, Lesser Servant of Makhleb, Major
Destruction, Greater Servant of Makhleb


You were on level 2 of the Realm of Zot.
You worshipped Makhleb.
Makhleb was exalted by your worship.
You visited 10 branches of the dungeon, and saw 47 of its levels.
You visited the Abyss 1 time.
You also visited: Trove, Gauntlet, Wizlab and Desolation.

You collected 6323 gold pieces.
You spent 4686 gold pieces at shops.

Inventory:

Hand Weapons
 x - a +4 broad axe of flaming
 W - the +5 demon whip "Spellbinder" (weapon) {antimagic, Will+}
   (You bought it in a shop on level 2 of the Orcish Mines)

   It reduces the magical energy of the wielder, and disrupts the spells and
   magical abilities of those it strikes.
   Natural abilities and divine invocations are not affected.
   It unleashes wild and unpredictable magical effects upon striking a wizard or
   a creature with magical abilities.
   Will:      It increases your willpower.
Missiles
 s - 6 throwing nets
 D - 20 curare-tipped darts
 L - 3 javelins
 N - 21 silver javelins (quivered)
Armour
 q - the +0 cloak of Ramus (worn) {Str+4 Int-5 Dex+5}
   (You found it on level 3 of the Elven Halls)

   Str:       It affects your strength (+4).
   Int:       It affects your intelligence (-5).
   Dex:       It affects your dexterity (+5).
 C - a +0 pair of boots (worn)
 E - a +2 pair of gloves (worn)
 M - the +2 helmet "Rewuruf" (worn) {Fly Int+5}
   (You found it on level 1 of the Depths)

   Int:       It affects your intelligence (+5).
   Fly:       It grants you flight.
 V - +0 gold dragon scales
 Y - the +15 Maxwell's patent armour (worn) {-Cast -Tele rElec Will+ rCorr}
   (You found it on level 1 of the Depths)

   rElec:     It insulates you from electricity.
   -Cast:     It prevents spellcasting.
   -Tele:     It prevents most forms of teleportation.
   rCorr:     It protects you from acid and corrosion.
   Will:      It increases your willpower.
 Z - a +4 tower shield of resistance (worn)
Jewellery
 l - the ring of Xeateapie (left hand) {rC+ rN++ Str+6}
   (You acquired it on level 1 of the Snake Pit)

   [ring of strength]

   Str:       It affects your strength (+6).
   rC:        It protects you from cold.
   rN:        It greatly protects you from negative energy.
 m - the amulet "Donkaud" (around neck) {Reflect Harm rF+ rC+ Will+ SH+5}
   (You found it in a treasure trove)

   [amulet of reflection]

   It reflects blocked missile attacks.
   rF:        It protects you from fire.
   rC:        It protects you from cold.
   SH:        It affects your SH (+5).
   Harm:      It increases damage dealt and taken.
   Will:      It increases your willpower.
 O - a ring of protection from fire
 Q - the ring of Ixufynou {rN+ SInv}
   (You found it on level 6 of the Lair of Beasts)

   [ring of positive energy]

   rN:        It protects you from negative energy.
   SInv:      It lets you see invisible.
 X - the ring "Karaduf" (right hand) {rPois EV+4}
   (You took it off a deep elf pyromancer on level 3 of the Elven Halls)

   [ring of evasion]

   EV:        It affects your evasion (+4).
   rPois:     It protects you from poison.
Wands
 g - a wand of digging (1)
 j - a wand of paralysis (21)
 y - a wand of acid (6)
 B - a wand of charming (21)
 R - a wand of polymorph (3)
 S - a wand of mindburst (11)
 T - a wand of iceblast (37)
Scrolls
 f - 21 scrolls of teleportation
 h - 2 scrolls of blinking
 n - 3 scrolls of silence
 o - 5 scrolls of summoning
 t - 3 scrolls of torment
 u - 11 scrolls of vulnerability
 z - 9 scrolls of immolation
 A - 2 scrolls of magic mapping
 F - 2 scrolls of holy word
 K - a scroll of fear
Potions
 a - 5 potions of might
 c - 2 potions of resistance
 d - 10 potions of curing
 k - 6 potions of brilliance
 p - a potion of magic
 w - 4 potions of attraction
 H - 7 potions of lignification
 I - 2 potions of invisibility
 P - 5 potions of cancellation
Miscellaneous
 e - a lightning rod (4/4)
 i - a condenser vane (inert)
 v - a tin of tremorstones (2/2)
 G - a box of beasts (inert)
 U - a phantom mirror (inert)


   Skills:
 - Level 22.4 Fighting
 - Level 19.8(20.1) Axes
 - Level 4.5(12.0) Maces & Flails
 * Level 14.9 Throwing
 - Level 20.5 Armour
 - Level 11.8 Dodging
 - Level 4.1 Stealth
 + Level 20.8 Shields
 - Level 20.0 Invocations
 - Level 14.1 Evocations


You had 24 spell levels left.
You didn't know any spells.
Your spell library contained the following spells:

 Spells                   Type           Power      Damage    Failure   Level
 Animate Skeleton         Necr           0%         N/A       96%         1
 Apportation              Tloc           0%         N/A       96%         1
 Beastly Appendage        Tmut           0%         N/A       96%         1
 Pain                     Necr           0%         1d4       96%         1
 Sandblast                Erth           0%         2d4       96%         1
 Summon Small Mammal      Summ           0%         N/A       96%         1
 Blink                    Tloc           0%         N/A       99%         2
 Corpse Rot               Necr/Air       0%         N/A       99%         2
 Passwall                 Tmut/Erth      0%         N/A       99%         2
 Wereblood                Tmut           0%         N/A       99%         2
 Call Canine Familiar     Summ           0%         N/A       100%        3
 Gell's Gravitas          Tloc           0%         N/A       100%        3
 Ignite Poison            Fire/Tmut/Pois 0%         N/A       100%        3
 Lesser Beckoning         Tloc           0%         N/A       100%        3
 Mephitic Cloud           Conj/Pois/Air  0%         N/A       100%        3
 Ozocubu's Armour         Ice            0%         N/A       100%        3
 Portal Projectile        Hex/Tloc       0%         N/A       100%        3
 Spider Form              Tmut/Pois      0%         N/A       100%        3
 Stone Arrow              Conj/Erth      0%         3d7       100%        3
 Summon Guardian Golem    Hex/Summ       0%         N/A       100%        3
 Teleport Other           Tloc           0%         N/A       100%        3
 Airstrike                Air            0%         N/A       100%        4
 Animate Armour           Summ/Erth      0%         N/A       100%        4
 Animate Dead             Necr           0%         N/A       100%        4
 Dispel Undead            Necr           0%         3d6       100%        4
 Fulminant Prism          Conj/Hex       0%         3d6       100%        4
 Iskenderun's Mystic Bla  Conj/Tloc      0%         2d3       100%        4
 Leda's Liquefaction      Hex/Erth       0%         N/A       100%        4
 Olgreb's Toxic Radiance  Pois           0%         N/A       100%        4
 Passage of Golubria      Tloc           0%         N/A       100%        4
 Petrify                  Tmut/Erth      0%         N/A       100%        4
 Sticky Flame             Conj/Fire      0%         2d3       100%        4
 Summon Lightning Spire   Summ/Air       0%         N/A       100%        4
 Alistair's Intoxication  Tmut/Pois      0%         N/A       100%        5
 Blade Hands              Tmut           0%         N/A       100%        5
 Borgnjor's Vile Clutch   Necr/Erth      0%         N/A       100%        5
 Excruciating Wounds      Necr           0%         N/A       100%        5
 Fireball                 Conj/Fire      0%         3d3       100%        5
 Freezing Cloud           Conj/Ice/Air   0%         6-21      100%        5
 Iskenderun's Battlesphe  Conj           0%         2d6       100%        5
 Lee's Rapid Deconstruct  Erth           0%         3d5*      100%        5
 Lightning Bolt           Conj/Air       0%         1d11      100%        5
 Manifold Assault         Tloc           0%         N/A       100%        5
 Metabolic Englaciation   Hex/Ice        0%         N/A       100%        5
 Silence                  Hex/Air        0%         N/A       100%        5
 Conjure Ball Lightning   Conj/Air       0%         3x3d6     100%        6
 Death Channel            Necr           0%         N/A       100%        6
 Eringya's Noxious Bog    Tmut/Pois      0%         N/A       100%        6
 Iron Shot                Conj/Erth      0%         9d1       100%        6
 Simulacrum               Ice/Necr       0%         N/A       100%        6
 Statue Form              Tmut/Erth      0%         N/A       100%        6
 Haunt                    Necr/Summ      0%         N/A       100%        7
 Malign Gateway           Summ/Tloc      0%         N/A       100%        7
 Orb of Destruction       Conj           0%         9d5       100%        7
 Spellforged Servitor     Conj/Summ      0%         N/A       100%        7
 Storm Form               Tmut/Air       0%         N/A       100%        7
 Infestation              Necr           0%         N/A       100%        8
 Lehudib's Crystal Spear  Conj/Erth      0%         10d2      100%        8
 Summon Horrible Things   Summ           0%         N/A       100%        8


Dungeon Overview and Level Annotations

Branches:
Dungeon (15/15)            Temple (1/1) D:7            Lair (6/6) D:10
 Shoals (4/4) Lair:2        Snake (4/4) Lair:3        Slime (0/5) Lair:5
    Orc (2/2) D:12            Elf (3/3) Orc:2        Vaults (5/5) D:13
  Crypt (0/3) Vaults:3     Depths (4/4) D:15            Zot (3/5) Depths:4
 WizLab (visited)         Desolation (visited)      Gauntlet (visited)

Altars:
Cheibriados
Elyvilon
Fedhas
Gozag
Hepliaklqana
Kikubaaqudgha
Makhleb
Nemelex Xobeh
Okawaru
Ru
Sif Muna
Uskayaw
Vehumet
Wu Jian
Xom
Yredelemnul
Zin
The Shining One
Beogh
Jiyva

Shops:
D:8 *   D:12 !   Orc:2 :*[(   Elf:1 *   Elf:2 ?   Shoals:1 :   Vaults:5 !?

Portals:
Hell: Depths:1 Depths:2 Depths:3 Depths:4
Abyss: Snake:4 Depths:1 Depths:3
Pandemonium: Depths:2 Depths:3
Ziggurat: Depths:3

Annotations:
D:5 2 runed translucent doors, BlueGoblin's ghost, novice GrBe
D:7 exclusion: statue
D:8 3 runed translucent doors
D:15 3 runed translucent doors, Kefanin's ghost, adept GrEE
Lair:5 1 runed translucent door, MirrMurr's ghost, journeyman GrBe
Snake:4 2 transporters, Findor's ghost, adept GrGl
Depths:1 1 runed translucent door
Depths:2 5 transporters


Innate Abilities, Weirdness & Mutations

You are very dopey. (Int -4)
You are very frail. (-20% HP)
You are covered in fur. (AC +1)
You are occasionally teleported next to monsters.
You have hidden genetic potential.
Potions are less effective at restoring your health.
Your spells are a little easier to cast, but a little less powerful.
You sometimes lose the ability to read scrolls when taking damage.


Message History

You strike the helpless quicksilver dragon from behind!
You whack the quicksilver dragon!
The quicksilver dragon is almost dead.
The purple draconian hits you but does no damage.
You block the quicksilver dragon's attack. x2
Your nameless horror hits the quicksilver dragon.
The purple draconian breathes dispelling energy at you.
The bolt of dispelling energy hits you!
Your magical effects are unravelling.
* * * LOW HITPOINT WARNING * * *
You closely miss the quicksilver dragon.
The quicksilver dragon is almost dead.
You feel yourself speed up.
The quicksilver dragon breathes dispelling energy at you.
The bolt of dispelling energy misses you.
You block the purple draconian's attack.
Your nameless horror closely misses the quicksilver dragon.
You block the quicksilver dragon's attack. x2
The purple draconian breathes dispelling energy at you.
The bolt of dispelling energy misses you.
You miss the quicksilver dragon.
The quicksilver dragon is almost dead.
You block the purple draconian's attack.
Your nameless horror barely misses the quicksilver dragon.
You block the quicksilver dragon's attack. x2
Unknown command.
You thrash the quicksilver dragon!!
You kill the quicksilver dragon!
Makhleb accepts your kill.
You block the purple draconian's attack.
Unknown command.
The purple draconian breathes dispelling energy at you.
The bolt of dispelling energy misses you.
Your nameless horror barely misses the purple draconian.
The purple draconian hits your nameless horror with a +0 dire flail!
Your nameless horror is destroyed!
Your nameless horror disappears in a puff of smoke!
The purple draconian breathes dispelling energy at you.
The bolt of dispelling energy hits you!!!
You die...

...# #...#......# ...#
#..........# ...#
#....).....# ...####
###..........##
......########d............#
..............d............#
....#..)......#...........##
....###########...........#
...## ##@.........# ..##
##.........# ..# #....#....#
.## ##.###....# .#
#..##...## ## ##.##...# #
### #..#...# # #####.#####
#..#...#
#####.........######.#...#


You could see 2 draconians.

Vanquished Creatures
  A dread lich (Vaults:5)
  2 ancient liches (Vaults:5)
  2 orbs of fire (Zot:2)
  4 juggernauts
  A Killer Klown (Zot:2)
  Margery (Vaults:3)
  Xtahua (Vaults:5)
  A caustic shrike (Depths:3)
  Nikola (Elf:1)
  7 golden dragons
  2 bone dragons (Depths:4)
  8 tentacled monstrosities
  A lich (Vaults:5)
  3 deep elf blademasters
  4 quicksilver dragons
  3 walking divine tomes
  2 deep elf master archers (Elf:3)
  An Executioner (Abyss:3)
  4 death cobs
  5 titans
  A walking frostbound tome (Depths:3)
  Polyphemus (Shoals:4)
  6 sphinxes
  7 storm dragons
  2 tentacled starspawn (Abyss:3)
  7 tengu reavers
  11 shadow dragons
  Donald (Vaults:2)
  Kirke (Shoals:3)
  7 nagarajas (Snake:4)
  A draconian knight (Zot:2)
  A fire giant (Vaults:3)
  4 frost giants
  3 deep elf sorcerers (Elf:3)
  5 orc warlords
  12 vault wardens
  2 draconian scorchers
  A balrug (Depths:1)
  3 draconian shifters
  3 deep elf elementalists (Elf:3)
  18 ironbound preservers
  3 spriggan defenders
  A draconian annihilator (Zot:2)
  Aizul (Vaults:1)
  24 very ugly things
  10 stone giants
  4 war gargoyles (Vaults:5)
  A broodmother (shapeshifter) (Vaults:5)
  10 deep elf demonologists
  4 ironbound thunderhulks
  2 deep elf annihilators (Elf:3)
  2 entropy weavers
  3 black draconians (Zot:1)
  3 minotaurs
  2 yellow draconians
  7 spark wasps
  5 red draconians
  5 dire elephants
  8 purple draconians
  5 green draconians
  7 white draconians
  A green death (Depths:2)
  4 deep elf death magi
  2 crystal guardians
  7 fire dragons
  2 merfolk javelineers
  4 merfolk impalers
  9 ettins
  8 great orbs of eyes
  3 deep elf high priests
  18 yaktaur captains
  8 boulder beetles
  19 naga warriors
  30 vault guards
  7 peacekeepers
  9 rakshasas
  A catoblepas (Shoals:4)
  2 servants of whispers
  A salamander tyrant (Snake:4)
  5 ice dragons
  8 hydras
  2 death knights (Vaults:3)
  6 merfolk avatars
  A merfolk aquamancer (Shoals:4)
  2 spriggan air magi (Depths:1)
  10 ironbound frosthearts
  An ogre mage (D:15)
  8 centaur warriors
  36 dancing weapons
  8 anacondas
  3 alligator snapping turtles
  5 deep troll earth magi
  A deep troll shaman (Depths:4)
  3 tengu warriors
  14 two-headed ogres
  11 satyrs
  A vampire mage (Depths:4)
  2 thrashing horrors (Abyss:3)
  10 death yaks
  7 orc high priests
  8 shock serpents
  5 spriggan berserkers
  A sun demon (Depths:1)
  2 wretched stars (Abyss:3)
  10 deep elf knights
  14 naga sharpshooters
  Urug (Orc:1)
  2 soul eaters (Depths:2)
  A shadow wraith (Vaults:3)
  10 hell knights
  4 salamander mystics
  A sixfirhy (Abyss:3)
  19 sea snakes
  A goliath frog (shapeshifter) (Vaults:5)
  A goliath frog (Lair:6)
  A deep troll (shapeshifter) (Vaults:5)
  3 flayed ghosts
  4 iron trolls
  56 deep trolls
  6 deep elf archers
  4 glowing orange brains
  An orb spider (shapeshifter) (Vaults:5)
  10 wizards
  A shadow demon (Depths:3)
  7 naga ritualists
  20 ironbound convokers
  10 lindwurms
  7 mana vipers
  11 harpies
  54 ugly things
  3 phantasmal warriors
  28 deep elf pyromancers
  19 deep elf zephyrmancers
  4 necromancers
  15 orc knights
  4 orc sorcerers
  24 fauns
  7 cyclopes
  12 manticores
  10 moths of wrath
  9 salamanders
  2 worldbinders (Abyss:3)
  9 elephants
  A rust devil (Abyss:3)
  33 black mambas
  23 vault sentinels
  10 merfolk sirens
  17 naga magi
  5 water nymphs
  An eye of devastation (shapeshifter) (Vaults:5)
  4 smoke demons
  4 guardian serpents
  Maurice (Orc:2)
  2 orange demons
  2 gargoyles
  An unseen horror (D:12)
  13 cane toads
  2 kobold demonologists
  34 yaktaurs
  8 komodo dragons
  4 rime drakes
  An efreet (D:13)
  A hellwing (Abyss:3)
  An ice devil (Abyss:3)
  A guardian mummy (D:12)
  4 freezing wraiths
  2 red devils (Depths:3)
  3 trolls
  2 ancient zymes (Abyss:3)
  17 merfolk
  A polar bear (Lair:4)
  4 tyrant leeches (Lair:6)
  4 wind drakes
  A tarantella (shapeshifter) (Vaults:5)
  6 hornets
  5 saltlings
  A raiju (Abyss:3)
  26 blink frogs
  19 dream sheep
  9 snapping turtles
  35 slime creatures
  A dream sheep (shapeshifter) (Vaults:5)
  2 large abominations (Abyss:3)
  A spriggan (shapeshifter) (Depths:4)
  A shadow (Abyss:3)
  3 flying skulls (Abyss:3)
  8 spriggans
  A wraith (D:10)
  7 wyverns
  A vampire (D:12)
  6 fire elementals
  An air elemental (Elf:1)
  16 water elementals
  45 yaks
  A yak (shapeshifter) (D:15)
  3 hogs (Shoals:3)
  3 basilisks
  A fire bat (shapeshifter) (D:15)
  A fire bat (D:7)
  A golden eye (D:8)
  A hog (shapeshifter) (D:13)
  3 redbacks (Vaults:4)
  13 vampire mosquitoes
  2 neqoxecs (Abyss:3)
  4 wargs
  50 nagas
  11 water moccasins
  2 acid dragons
  6 sky beasts
  2 floating eyes
  An ice beast (D:6)
  41 orc warriors
  7 black bears
  7 starcursed masses (Abyss:3)
  4 necrophages
  9 small abominations
  11 boggarts
  10 centaurs
  33 wolves
  7 ogres
  A kobold brigand (D:10)
  A bullfrog (shapeshifter) (D:13)
  20 bullfrogs
  A scorpion (D:5)
  7 earth elementals
  A water moccasin skeleton (D:4)
  12 wights
  4 electric eels
  2 howler monkeys
  A crimson imp (D:13)
  A quasit (Abyss:3)
  A bullfrog zombie (D:6)
  3 hounds
  3 lava snakes (Lair:6)
  An iron imp (Abyss:3)
  A centaur zombie (D:8)
  A bullfrog skeleton (D:5)
  30 orc priests
  2 iguanas
  36 orc wizards
  5 hell rats (Lair:5)
  4 lightning spires (Depths:1)
  2 hound zombies (D:5)
  2 howler monkey zombies
  A gnoll (D:4)
  7 adders
  3 white imps
  An ufetubus (D:4)
  3 worms
  A dart slug (D:2)
  103 orcs
  3 bats
  8 endoplasms
  8 giant cockroaches
  6 goblins
  17 hobgoblins
  3 jackals (D:2)
  9 kobolds
  3 quokkas
  7 ball pythons
  5 frilled lizards
  4 rats
  A starspawn tentacle (Abyss:3)
1928 creatures vanquished.

Vanquished Creatures (collateral kills)
  Sojobo (Depths:2)
  Frederick (Vaults:2)
  A tentacled monstrosity (Zot:1)
  2 quicksilver dragons
  Agnes (Elf:2)
  A nagaraja (Snake:2)
  A fire giant (Depths:1)
  A vault warden (Vaults:2)
  A frost giant (Vaults:5)
  5 spectral caustic shrikes (Depths:4)
  A deep elf elementalist (Elf:2)
  A spriggan defender (Depths:4)
  A green draconian (Depths:4)
  A black draconian (Zot:2)
  2 merfolk impalers (Shoals:4)
  A fire dragon (Lair:1)
  A naga warrior (Snake:4)
  A spriggan air mage (Depths:4)
  A merfolk avatar (Shoals:4)
  An ice dragon (Depths:4)
  A servant of whispers (Desolation)
  2 ogre magi (Vaults:5)
  An anaconda (Snake:3)
  2 satyrs (Shoals:4)
  A spriggan (Depths:4)
  A deep troll (Vaults:3)
  A sea snake (Shoals:4)
  2 deep elf zephyrmancers (Elf:2)
  3 deep elf pyromancers
  2 ugly things (Vaults:2)
  A mana viper (Snake:4)
  5 manticores
  2 fauns
  A merfolk siren (Shoals:4)
  A salamander (Snake:3)
  2 black mambas
  4 naga magi
  3 elephants (Lair:4)
  A guardian serpent (Snake:3)
  2 cane toads (Lair:6)
  A wind drake (Shoals:1)
  11 merfolk
  A saltling (Desolation)
  2 hornets
  2 snapping turtles (Shoals:1)
  An air elemental (Elf:3)
  A vampire mosquito (Lair:6)
  3 nagas
  A bullfrog (Lair:6)
87 creatures vanquished.

Vanquished Creatures (others)
  A titan (Vaults:5)
  A fire giant (Depths:2)
  An ironbound thunderhulk (Vaults:1)
  A red draconian (Zot:2)
  A deep elf death mage (Elf:2)
  An ogre mage (Vaults:5)
  3 deep elf knights
  An ironbound convoker (Vaults:5)
  2 deep elf pyromancers (Elf:2)
  2 wizards
  A deep elf archer (Elf:2)
  A deep elf zephyrmancer (Elf:3)
  A faun (Shoals:1)
  A human (Shoals:3)
  A boggart (D:14)
  An orc wizard (Orc:2)
  A bush (Lair:6)
  72 fungi
  218 plants
  4 starspawn tentacles (Abyss:3)
315 creatures vanquished.

Grand Total: 2330 creatures vanquished

Notes
Turn   | Place    | Note
-------+----------+-------------------------------------------
     0 | D:5      | Jannitor the Hill Orc Delver began the quest for the Orb.
     0 | D:5      | Reached XP level 1. HP: 19/19 MP: 1/1
     4 | D:5      | Noticed a scorpion
    22 | D:5      | Found an ancient bone altar of Kikubaaqudgha.
   283 | D:6      | Reached skill level 4 in Fighting
   283 | D:6      | Reached skill level 1 in Armour
   283 | D:6      | Reached XP level 2. HP: 25/27 MP: 2/2
   283 | D:6      | Reached XP level 3. HP: 31/33 MP: 3/3
   343 | D:5      | Noticed a necrophage
   393 | D:5      | Reached XP level 4. HP: 30/40 MP: 4/4
  1003 | D:4      | Reached XP level 5. HP: 47/47 MP: 5/5
  1071 | D:4      | Noticed a phantom
  1706 | D:2      | Found a faded altar of an unknown god.
  1744 | D:2      | Found a hide-covered altar of Uskayaw.
  3727 | D:3      | Reached XP level 6. HP: 55/55 MP: 6/6
  3898 | D:3      | Reached skill level 5 in Fighting
  4210 | D:4      | Noticed a black bear
  4664 | D:5      | Reached skill level 5 in Axes
  4695 | D:5      | Noticed a necrophage
  4708 | D:5      | Killed a necrophage
  4739 | D:5      | Reached XP level 7. HP: 47/62 MP: 7/7
  4856 | D:5      | Reached skill level 6 in Fighting
  5012 | D:5      | Found a large runed translucent door.
  5014 | D:5      | Found a large runed translucent door.
  5386 | D:5      | Noticed BlueGoblin's ghost (novice GrBe)
  5811 | D:4      | Reached skill level 5 in Armour
  6019 | D:4      | Reached XP level 8. HP: 62/71 MP: 8/8
  6521 | D:4      | Reached skill level 7 in Fighting
  6952 | D:6      | Found a white marble altar of Elyvilon.
  7672 | D:7      | Found a radiant altar of Vehumet.
  7709 | D:7      | Noticed a two-headed ogre
  7799 | D:7      | Found a blossoming altar of Fedhas.
  8005 | D:7      | Found a staircase to the Ecumenical Temple.
  8014 | Temple   | Entered the Ecumenical Temple
  8113 | Temple   | Became a worshipper of Makhleb the Destroyer
  8186 | D:7      | Noticed a hornet
  8187 | D:7      | a hornet changed into a fire bat
  8292 | D:7      | Killed a two-headed ogre
  8293 | D:7      | Reached skill level 8 in Fighting
  8293 | D:7      | Reached XP level 9. HP: 29/82 MP: 9/9
  8741 | D:8      | Noticed a hornet
  9158 | D:8      | Reached skill level 1 in Evocations
  9285 | D:8      | Identified the +3 chain mail of Far Exza {Contam +Inv rCorr
                  | Dex+2}
  9306 | D:8      | Noticed a gargoyle
  9402 | D:9      | Reached skill level 9 in Fighting
  9653 | D:9      | Reached * piety under Makhleb
 10188 | D:9      | Noticed a two-headed ogre
 10553 | D:8      | Noticed a white ugly thing
 10554 | D:8      | Found a runed translucent gate.
 10554 | D:8      | Found a runed translucent gate.
 10554 | D:8      | Found a runed translucent gate.
 10554 | D:8      | Noticed a glowing orange brain
 10554 | D:8      | Noticed a red ugly thing
 10555 | D:8      | Noticed a brown ugly thing
 10604 | D:9      | Noticed a hornet
 10614 | D:8      | Noticed a hornet
 10615 | D:8      | a hornet changed into a golden eye
 10629 | D:8      | Found Qibutohidd's General Store.
 10804 | D:8      | Bought a scroll of teleportation for 39 gold pieces
 10804 | D:8      | Bought 3 scrolls of magic mapping for 136 gold pieces
 10920 | D:8      | Reached skill level 10 in Axes
 11040 | D:8      | Reached XP level 10. HP: 92/92 MP: 10/10
 11639 | D:8      | Killed a gargoyle
 11640 | D:8      | Reached skill level 10 in Fighting
 12118 | D:10     | Entered Level 10 of the Dungeon
 12418 | D:10     | Noticed an elephant
 12443 | D:10     | Killed an elephant
 12444 | D:10     | Reached skill level 5 in Evocations
 12951 | D:10     | Found a staircase to the Lair.
 12988 | D:10     | Noticed a centaur warrior
 13012 | D:10     | Killed a centaur warrior
 13013 | D:10     | Reached skill level 11 in Fighting
 13013 | D:10     | Reached XP level 11. HP: 50/102 MP: 11/11
 13313 | D:10     | Found a glowing golden altar of the Shining One.
 13829 | D:11     | Noticed a two-headed ogre
 13941 | D:11     | Noticed a boulder beetle
 13964 | D:11     | Killed a boulder beetle
 13965 | D:11     | Reached skill level 1 in Invocations
 14183 | D:11     | Noticed a two-headed ogre
 14189 | D:11     | Killed a two-headed ogre
 14576 | Lair:1   | Entered Level 1 of the Lair of Beasts
 14597 | Lair:1   | Reached ** piety under Makhleb
 14715 | Lair:1   | Reached skill level 10 in Armour
 15375 | Lair:1   | Noticed a six-headed hydra
 15390 | Lair:1   | Killed a one-headed hydra
 16032 | Lair:1   | Noticed a fire dragon
 16105 | Lair:2   | Reached skill level 12 in Fighting
 16115 | Lair:2   | Reached skill level 5 in Invocations
 16376 | Lair:2   | Reached XP level 12. HP: 103/112 MP: 15/15
 16566 | Lair:2   | Found a staircase to the Shoals.
 16898 | Lair:2   | Reached *** piety under Makhleb
 17927 | Lair:3   | Found a staircase to the Snake Pit.
 18388 | Lair:3   | Noticed a catoblepas
 18589 | Lair:4   | Noticed an eight-headed hydra
 18772 | Lair:4   | Noticed a boulder beetle
 18786 | Lair:4   | Killed a boulder beetle
 18787 | Lair:4   | Reached skill level 13 in Fighting
 18959 | Lair:4   | Killed a three-headed hydra
 19150 | Lair:4   | Reached XP level 13. HP: 52/122 MP: 17/19
 20723 | Lair:5   | Found a staircase to the Slime Pits.
 20923 | Lair:5   | You fall into a shaft and drop 1 floor!
 20923 | Lair:6   | Entered Level 6 of the Lair of Beasts
 20935 | Lair:6   | Reached **** piety under Makhleb
 21203 | Lair:5   | Found a runed translucent door.
 21203 | Lair:5   | Noticed MirrMurr's ghost (journeyman GrBe)
 22268 | Lair:1   | Killed a fire dragon
 22386 | Lair:1   | Identified the ring of the Okapi {Str+6 Int+6 SInv}
 22735 | D:11     | Reached skill level 14 in Fighting
 23214 | D:12     | Reached skill level 15 in Axes
 23475 | D:12     | Found a staircase to the Orcish Mines.
 23593 | D:12     | Found Pyczuasu's Distillery.
 23601 | D:12     | Bought a potion of curing for 45 gold pieces
 23601 | D:12     | Bought a potion of invisibility for 120 gold pieces
 23601 | D:12     | Bought 2 potions of ambrosia for 240 gold pieces
 23618 | D:12     | Reached skill level 10 in Invocations
 23766 | D:12     | Found a portal to a secret trove of treasure.
 23776 | D:12     | Reached XP level 14. HP: 67/132 MP: 21/21
 24810 | D:13     | Reached skill level 10 in Evocations
 24856 | D:13     | Found a gate leading to a gauntlet.
 24865 | Gauntlet | Entered a Gauntlet
 24865 | Gauntlet | Found a transporter.
 24865 | Gauntlet | Found a transporter.
 24866 | Gauntlet | Found a transporter.
 24879 | Gauntlet | Noticed a dire elephant
 24881 | Gauntlet | Found a transporter.
 24894 | Gauntlet | Found a transporter.
 24901 | Gauntlet | Found a transporter.
 24918 | Gauntlet | Found a transporter.
 24926 | Gauntlet | Found a transporter.
 24946 | Gauntlet | Found a transporter.
 24986 | Gauntlet | Found a transporter.
 24987 | Gauntlet | Found a transporter.
 24996 | Gauntlet | Found a transporter.
 25272 | Gauntlet | Identified the +0 helmet "Unoeck" {Dex+2}
 25301 | Gauntlet | Identified the +7 arbalest of Gaciggad {freeze, rN++ Int-2
                  | SInv}
 25326 | Gauntlet | Got Xyzosch's Handbook of Quantum Confrontation
 27159 | D:13     | Found a gate to the Vaults.
 27331 | Orc:1    | Entered Level 1 of the Orcish Mines
 27361 | Orc:1    | Noticed Urug
 27388 | Orc:1    | Killed Urug
 27955 | Orc:2    | Entered Level 2 of the Orcish Mines
 27955 | Orc:2    | Noticed Maurice
 27955 | Orc:2    | Found a roughly hewn altar of Beogh.
 27956 | Orc:2    | Paralysed by Maurice for 5 turns
 27962 | Orc:2    | Killed Maurice
 28107 | Orc:1    | Reached skill level 15 in Fighting
 28203 | Orc:2    | Reached ***** piety under Makhleb
 28203 | Orc:2    | Noticed an orc warlord
 28671 | Orc:1    | Killed an orc warlord
 29873 | Orc:2    | Reached XP level 15. HP: 106/135 MP: 15/24
 30072 | Orc:2    | Found Ceuppelu's General Store.
 30078 | Orc:2    | Found Moly's Antique Armour Shop.
 30078 | Orc:2    | Found Othrij's Antique Weapon Boutique.
 30080 | Orc:2    | Found Jinuyf's Book Shop.
 30096 | Orc:2    | Bought a polished chain mail for 285 gold pieces
 30096 | Orc:2    | Identified the +11 chain mail of Nifea {rElec Dex-2 Stlth+}
                  | (You bought it in a shop on level 2 of the Orcish Mines)
 30101 | Orc:2    | Gained mutation: Your body sometimes deteriorates upon
                  | taking damage. [mutagenic glow]
 30307 | Orc:2    | Found a staircase to the Elven Halls.
 30590 | Orc:1    | Noticed an orc warlord
 30612 | Orc:1    | Killed an orc warlord
 31034 | Orc:2    | Bought a scroll of blinking for 75 gold pieces
 31319 | D:14     | Reached ****** piety under Makhleb
 32161 | D:14     | Got the Disquisition on the Nocuous Escort
 32365 | D:15     | Entered Level 15 of the Dungeon
 32563 | D:15     | Found a runed translucent gate.
 32564 | D:15     | Found a runed translucent gate.
 32567 | D:15     | Found a runed translucent gate.
 32567 | D:15     | Noticed Kefanin's ghost (adept GrEE)
 32568 | D:15     | Noticed an acid blob
 32572 | D:15     | Found a viscous altar of Jiyva.
 32579 | D:15     | Found a staircase to the Depths.
 32599 | D:15     | Reached skill level 16 in Fighting
 34201 | Lair:6   | Reached XP level 16. HP: 130/152 MP: 26/26
 35060 | Lair:6   | Reached skill level 15 in Armour
 35368 | Lair:6   | Identified a scroll of acquirement
 35369 | Lair:6   | Acquired a +6 vorpal executioner's axe
 35488 | Lair:6   | Identified the ring of Ixufynou {rN+ SInv}
 35587 | Snake:1  | Entered Level 1 of the Snake Pit
 35854 | Snake:1  | Acquired the ring of Xeateapie {rC+ rN++ Str+6}
 38236 | Snake:1  | Reached skill level 17 in Fighting
 38890 | Snake:2  | Noticed a nagaraja
 39085 | Snake:2  | Killed a nagaraja
 39382 | Snake:2  | Found a hazy altar of Hepliaklqana.
 40467 | Snake:2  | Identified the +1 leather armour "Moirramn" {rN+}
 41103 | Snake:2  | Reached XP level 17. HP: 93/161 MP: 18/28
 41481 | Snake:3  | Reached skill level 15 in Invocations
 41655 | Snake:3  | Reached skill level 5 in Dodging
 41718 | Snake:3  | Identified the +5 robe "Ymumusib" {rElec rN+}
 43473 | Snake:4  | Entered Level 4 of the Snake Pit
 43557 | Snake:4  | Noticed a profane servitor
 43594 | Snake:4  | Found a transporter.
 44328 | Snake:4  | Noticed Findor's ghost (adept GrGl)
 44334 | Snake:4  | Found a transporter.
 44436 | Snake:4  | Found a one-way gate to the infinite horrors of the Abyss.
 47783 | Snake:4  | Reached XP level 18. HP: 146/171 MP: 25/29
 48230 | Snake:4  | Got a serpentine rune of Zot
 48556 | Vaults:1 | Entered Level 1 of the Vaults
 48567 | Vaults:1 | Reached skill level 18 in Fighting
 48995 | Vaults:1 | Noticed Aizul
 51241 | Orc:2    | Bought the +5 demon whip "Spellbinder" {antimagic, Will+}
                  | for 2147 gold pieces
 51241 | Orc:2    | Found the +5 demon whip "Spellbinder" {antimagic, Will+}
 51432 | Shoals:1 | Entered Level 1 of the Shoals
 52089 | Shoals:1 | Reached skill level 1 in Shields
 52123 | Shoals:1 | Reached skill level 1 in Maces & Flails
 52461 | Shoals:1 | Reached XP level 19. HP: 46/181 MP: 5/31
 52986 | Elf:1    | Entered Level 1 of the Elven Halls
 53134 | Elf:1    | Found a crumbling gateway.
 53285 | Desolati | Entered the Desolation of Salt
 54264 | Elf:1    | Noticed Nikola
 54284 | Elf:1    | Killed Nikola
 54685 | Elf:1    | Found Giget's General Store.
 54760 | Elf:1    | Bought a scroll of blinking for 105 gold pieces
 54760 | Elf:1    | Bought a scroll of summoning for 133 gold pieces
 55048 | Elf:1    | Reached skill level 5 in Shields
 55146 | Elf:2    | Noticed Agnes
 55161 | Elf:2    | Killed Agnes
 55619 | Elf:2    | Found Syurphea's Magic Scroll Emporium.
 55657 | Elf:2    | Reached skill level 19 in Fighting
 56200 | Elf:2    | Found a huge runed translucent gate.
 56200 | Elf:2    | Found a huge runed translucent gate.
 56200 | Elf:2    | Found a huge runed translucent gate.
 56200 | Elf:2    | Found a huge runed translucent gate.
 56201 | Elf:2    | Found a huge runed translucent gate.
 57980 | Elf:3    | Entered Level 3 of the Elven Halls
 58195 | Elf:3    | Identified the +4 flail of Winter {elec, *Noise rElec rCorr
                  | Dex-2}
 58779 | Elf:3    | Identified the +11 short sword "Veettuocs" {drain, MP+9}
 58779 | Elf:3    | Identified the ring "Karaduf" {rPois EV+4}
 58827 | Elf:2    | Noticed a Hell Sentinel
 58925 | Elf:3    | Cast into level 3 of the Abyss (a deep elf demonologist)
 59041 | Abyss:3  | Noticed an ancient lich
 59057 | Abyss:3  | Found a corrupted altar of Lugonu.
 59659 | Abyss:3  | Gained mutation: You are strong-willed. (Will+) [a neqoxec]
 59671 | Abyss:3  | Gained mutation: Your body often deteriorates upon taking
                  | damage. [a neqoxec]
 59765 | Abyss:3  | Gained mutation: Your spells are a little easier to cast,
                  | but a little less powerful. [a neqoxec]
 59783 | Elf:3    | Escaped the Abyss
 60086 | Elf:2    | Reached XP level 20. HP: 170/191 MP: 10/32
 60454 | Elf:3    | Identified the ring "Mas Sia" {+Blink Int+5 SInv}
 60472 | Elf:3    | Paralysed by an air elemental for 1 turns
 60473 | Elf:3    | HP: 8/191 [poisoned by a +0 glaive of venom]
 60926 | Elf:3    | Identified the +1 chain mail of Melancholy {rF++ Str+6
                  | Stlth-}
 62049 | Elf:3    | Identified the +0 cloak of Ramus {Str+4 Int-5 Dex+5}
 62129 | Elf:3    | Identified the +2 scale mail "Wiuheux" {Contam rCorr Slay+2
                  | Stlth+}
 62692 | Elf:3    | Lost mutation: You are strong-willed. (Will+) [potion of
                  | mutation]
 62692 | Elf:3    | Lost mutation: Your spells are a little easier to cast, but
                  | a little less powerful. [potion of mutation]
 62692 | Elf:3    | Gained mutation: Your magical capacity is low. (-10% MP)
                  | [potion of mutation]
 62692 | Elf:3    | Gained mutation: You have sharp toenails. [potion of
                  | mutation]
 62695 | Elf:3    | Lost mutation: Your body often deteriorates upon taking
                  | damage. [potion of mutation]
 62695 | Elf:3    | Lost mutation: You have sharp toenails. [potion of
                  | mutation]
 62695 | Elf:3    | Gained mutation: Your spells are a little easier to cast,
                  | but a little less powerful. [potion of mutation]
 62695 | Elf:3    | Gained mutation: Your flesh is cold resistant. (rC+)
                  | [potion of mutation]
 62696 | Elf:3    | Lost mutation: Your magical capacity is low. (-10% MP)
                  | [potion of mutation]
 62696 | Elf:3    | Lost mutation: Your body sometimes deteriorates upon taking
                  | damage. [potion of mutation]
 62696 | Elf:3    | Gained mutation: Armour fits poorly on your strangely
                  | shaped body. [potion of mutation]
 62696 | Elf:3    | Gained mutation: You have large cloven feet. [potion of
                  | mutation]
 62936 | Depths:1 | Entered Level 1 of the Depths
 63193 | Depths:1 | Reached skill level 10 in Shields
 63790 | Depths:1 | Found a runed translucent door.
 64115 | Depths:1 | Identified the +2 helmet "Rewuruf" {Fly Int+5}
 64985 | Depths:1 | Found a gateway to Hell.
 64985 | Depths:1 | Found the +15 Maxwell's patent armour {-Cast -Tele rElec
                  | Will+ rCorr}
 64991 | Depths:1 | Identified the +5 chain mail "Daorini" {Drain Dex+7}
 65075 | Depths:1 | Found an opulent altar of Gozag.
 65366 | Elf:2    | Bought a scroll of enchant weapon for 150 gold pieces
 65366 | Elf:2    | Bought a scroll of enchant weapon for 150 gold pieces
 65525 | D:12     | You paid a toll of a +8 demon whip to enter a treasure
                  | trove
 65526 | Trove    | Entered a treasure trove
 65539 | Trove    | Identified the +1 scale mail of Jiantot {rElec rC+++ Int-5
                  | Dex-2}
 65554 | Trove    | Identified the amulet of Xiriffo {Reflect Str+2 Int-4 Dex+6
                  | SH+5 SInv}
 65569 | Trove    | Identified the amulet "Donkaud" {Reflect Harm rF+ rC+ Will+
                  | SH+5}
 65588 | Trove    | Identified the +7 war axe "Loytaori" {pain, Drain Fly Str+4
                  | SInv}
 66023 | Shoals:1 | Found Peirur Weung's Book Emporium.
 66025 | Shoals:1 | Reached skill level 20 in Fighting
 67918 | Shoals:2 | You are sucked into a shaft and drop 1 floor!
 67948 | Shoals:2 | Lost mutation: Armour fits poorly on your strangely shaped
                  | body. [potion of mutation]
 67948 | Shoals:2 | Lost mutation: Your spells are a little easier to cast, but
                  | a little less powerful. [potion of mutation]
 67948 | Shoals:2 | Gained mutation: Potions are less effective at restoring
                  | your health. [potion of mutation]
 67948 | Shoals:2 | Gained mutation: You are partially covered in iridescent
                  | scales. (AC +2) [potion of mutation]
 68624 | Shoals:3 | Noticed Kirke
 68638 | Shoals:3 | Killed Kirke
 68854 | Shoals:3 | Reached XP level 21. HP: 201/201 MP: 11/34
 69169 | Shoals:4 | Entered Level 4 of the Shoals
 69370 | Shoals:4 | Noticed Polyphemus
 69420 | Shoals:4 | Killed Polyphemus
 70046 | Shoals:4 | Got a barnacled rune of Zot
 70971 | Depths:2 | Found a transporter.
 70986 | Depths:2 | Found a transporter.
 71075 | Depths:2 | Found a transporter.
 71077 | Depths:2 | Found a transporter.
 71287 | Depths:2 | Noticed a juggernaut
 71312 | Depths:2 | Killed a juggernaut
 71491 | Depths:2 | Reached skill level 10 in Dodging
 71657 | Depths:2 | Found a transporter.
 71695 | Depths:2 | Reached skill level 21 in Fighting
 71707 | Depths:2 | Found a transporter.
 71797 | Depths:2 | Found a one-way gate leading to the halls of Pandemonium.
 71810 | Depths:2 | Reached XP level 22. HP: 201/213 MP: 11/35
 72195 | Depths:3 | Noticed a caustic shrike
 72207 | Depths:3 | Killed a caustic shrike
 72365 | Depths:3 | Noticed a juggernaut
 72365 | Depths:3 | Noticed a juggernaut
 72384 | Depths:3 | Noticed a golden dragon
 72392 | Depths:3 | Killed a juggernaut
 72397 | Depths:3 | Paralysed by a floating eye for 3 turns
 72417 | Depths:3 | Killed a golden dragon
 72447 | Depths:3 | Killed a juggernaut
 72790 | Depths:3 | Noticed a juggernaut
 72827 | Depths:3 | Killed a juggernaut
 72951 | Depths:3 | Noticed Sojobo
 73250 | Depths:2 | Killed Sojobo
 73456 | Depths:3 | Reached skill level 15 in Shields
 73679 | Depths:3 | Found a one-way gateway to a ziggurat.
 73857 | Depths:4 | Entered Level 4 of the Depths
 73896 | Depths:4 | Reached skill level 1 in Throwing
 74208 | Depths:4 | Found a magical portal.
 74268 | WizLab   | Entered Tukima's Studio
 74400 | WizLab   | Noticed Jannitor's illusion
 75096 | WizLab   | Noticed Jannitor's illusion
 75302 | WizLab   | Noticed Jannitor's illusion
 75402 | WizLab   | Noticed Jannitor's illusion
 75801 | WizLab   | Noticed Jannitor's illusion
 75848 | Depths:4 | Noticed a golden dragon
 75863 | Depths:4 | Killed a golden dragon
 76204 | Depths:4 | Noticed a golden dragon
 76235 | Depths:4 | Reached XP level 23. HP: 199/222 MP: 12/37
 76253 | Depths:4 | Killed a golden dragon
 76394 | Depths:4 | Found a gate to the Realm of Zot.
 76818 | Depths:4 | Found a hide-covered altar of Uskayaw.
 77019 | Vaults:1 | Killed Aizul
 78648 | Vaults:2 | Noticed Frederick
 78657 | Vaults:2 | Killed Frederick
 78864 | Vaults:2 | Reached skill level 22 in Fighting
 78888 | Vaults:2 | Identified the +3 kite shield "Vegh" {Fly Regen+ Str-2
                  | Dex-5}
 78888 | Vaults:2 | Noticed Donald
 78898 | Vaults:2 | Killed Donald
 79902 | Vaults:3 | Reached skill level 5 in Throwing
 80084 | Vaults:3 | Noticed Margery
 80118 | Vaults:3 | Killed Margery
 80730 | Vaults:3 | Reached XP level 24. HP: 233/233 MP: 12/37
 81159 | Vaults:3 | Found a staircase to the Crypt.
 82633 | Vaults:5 | Entered Level 5 of the Vaults
 83389 | Vaults:5 | Noticed a dread lich
 83404 | Vaults:5 | Killed a dread lich
 83417 | Vaults:5 | Reached skill level 10 in Throwing
 83432 | Vaults:5 | Noticed an ancient lich
 83462 | Vaults:5 | Killed an ancient lich
 84402 | Vaults:5 | Identified the +3 scale mail of Valiance {rF- rC+ Dex+7}
 84417 | Vaults:5 | Identified the amulet "Jadeabuh" {Spirit rF+ Str+7}
 84593 | Vaults:5 | Reached XP level 25. HP: 237/240 MP: 12/37
 84595 | Vaults:5 | Found the +7 pair of quick blades "Gyre" and "Gimble"
                  | {protect}
 84605 | Vaults:5 | Got the Collected Works on Unholy Arts
 84607 | Vaults:5 | Got a silver rune of Zot
 84711 | Vaults:5 | Noticed an ancient lich
 84737 | Vaults:5 | Killed an ancient lich
 84755 | Vaults:5 | Identified the +2 morningstar "Gutido" {speed, *Slow Int+6
                  | Dex+8}
 84855 | Vaults:5 | Noticed Xtahua
 84872 | Vaults:5 | Killed Xtahua
 85407 | Vaults:5 | Found Jiaskuopn's Magic Scroll Shop.
 85411 | Vaults:5 | Bought a scroll of enchant armour for 150 gold pieces
 85411 | Vaults:5 | Bought a scroll of teleportation for 60 gold pieces
 85416 | Vaults:5 | Found Voaheode's Distillery.
 85420 | Vaults:5 | Bought a potion of curing for 69 gold pieces
 85420 | Vaults:5 | Bought a potion of curing for 69 gold pieces
 85420 | Vaults:5 | Bought a potion of berserk rage for 115 gold pieces
 85420 | Vaults:5 | Bought 2 potions of might for 184 gold pieces
 85420 | Vaults:5 | Bought a potion of might for 92 gold pieces
 85420 | Vaults:5 | Bought a potion of mutation for 184 gold pieces
 85420 | Vaults:5 | Bought a potion of curing for 69 gold pieces
 85420 | Vaults:5 | Bought a potion of curing for 69 gold pieces
 86005 | Vaults:5 | Identified the +4 mace "Pucsytepi" {vamp, Int+4 Dex+2}
 86514 | Zot:1    | Entered Level 1 of the Realm of Zot
 89133 | Zot:2    | Noticed an orb of fire
 89154 | Zot:2    | Gained mutation: You sometimes lose the ability to read
                  | scrolls when taking damage. [an orb of fire]
 89158 | Zot:2    | Gained mutation: You are frail. (-10% HP) [an orb of fire]
 89162 | Zot:2    | Gained mutation: You are dopey. (Int -2) [an orb of fire]
 89165 | Zot:2    | Killed an orb of fire
 89663 | Zot:2    | Lost mutation: You are frail. (-10% HP) [potion of
                  | mutation]
 89663 | Zot:2    | Lost mutation: You are partially covered in iridescent
                  | scales. (AC +2) [potion of mutation]
 89663 | Zot:2    | Lost mutation: Your flesh is cold resistant. (rC+) [potion
                  | of mutation]
 89663 | Zot:2    | Gained mutation: You are agile. (Dex +2) [potion of
                  | mutation]
 89663 | Zot:2    | Gained mutation: You are occasionally teleported next to
                  | monsters. [potion of mutation]
 89663 | Zot:2    | Gained mutation: You are frail. (-10% HP) [potion of
                  | mutation]
 89663 | Zot:2    | Gained mutation: You are covered in fur. (AC +1) [potion of
                  | mutation]
 89664 | Zot:2    | Lost mutation: You are agile. (Dex +2) [potion of mutation]
 89664 | Zot:2    | Lost mutation: You have large cloven feet. [potion of
                  | mutation]
 89664 | Zot:2    | Gained mutation: You have hidden genetic potential. [potion
                  | of mutation]
 89664 | Zot:2    | Gained mutation: Your spells are a little easier to cast,
                  | but a little less powerful. [potion of mutation]
 89811 | Zot:2    | Noticed a Killer Klown
 89834 | Zot:2    | Killed a Killer Klown
 89867 | Zot:2    | Noticed an orb of fire
 89867 | Zot:2    | Gained mutation: You are very dopey. (Int -4) [an orb of
                  | fire]
 89877 | Zot:2    | Gained mutation: You are very frail. (-20% HP) [an orb of
                  | fire]
 89911 | Zot:2    | Killed an orb of fire
 90418 | Zot:2    | Killed from afar by a purple draconian

Illustrated notes

Levels and vault maps discovered:
D:1:      denvon_arrival_planthouse, layout_basic, serial_co_window_serial,
          co_window_corner_a, co_window_of_opportunity_a, co_window_paths_b,
          co_window_corner_a, co_window_corner_a, co_window_of_opportunity_a,
          co_window_2corner, co_window_corner_cb, co_window_corner_b,
          co_window_unsneaky_path_c, co_window_unsneaky_path_a, glass_columns_a
D:2:      layout_loops_ring, shapermc_ecumenical_altar_acropolis, basic_altar
D:3:      layout_loops_cross, st_stairs_7
D:4:      kb_forest_paths, layout_basic, enter_ossuary_5, st_stairs_4
D:5:      layout_loops_ring, lemuel_round_altar, ebering_ghost_disaster_area
D:6:      layout_rooms, mainiacjoe_overflow_boulevard, supply_closet_lemuel
D:7:      layout_loops_ring, fedhas_altar_fruit_tree, vehumet_statue,
          minmay_temple_entry_butterflies
D:8:      layout_loops_cross, ploomutoo_gammafunk_ghost_potion_laboratory,
          serial_shops, shop
D:9:      layout_basic
D:10:     layout_basic, tso_metal_star, david_lair_generic
D:11:     layout_roguey, minmay_microvault
D:12:     layout_irregular_city, david_orc_4, serial_shops, shop,
          nicolae_trove_entry_path_of_doom
D:13:     layout_cave_pods, david_vaults_4, gauntlet_entry_generic,
          hangedman_stone_soup, grunt_decor_one_mirror
D:14:     cheibrodos_lost_city_excavation, layout_loops_ring,
          chequers_serial_rivers_small_3
D:15:     hangedman_depths_entry_civil_slaughter, layout_loops_ring,
          minivault_11, gammafunk_ghost_ooze
Temple:   minmay_crystal_spiral_temple
Lair:1:   dragon1_lemuel, layout_small_grid, beast_lair_carwin_9
Lair:2:   layout_regular_city, minmay_shoals_entry_lonely_mermaid,
          infiniplex_staircase_pool_2
Lair:3:   layout_concentric_octagons, guppyfry_snake_entry_garden, serial_bayou,
          serial_bayou_pond_d, serial_bayou_ford_a, serial_bayou_pond_c,
          serial_bayou_lagoon_a, serial_bayou_shore_b
Lair:4:   layout_regular_city, lemuel_fruit_fields, serial_bayou_shore_a
Lair:5:   layout_cave_pods, slime_dummy, hellmonk_ghost_happy_afterlife
Lair:6:   minmay_lair_end_frog_pond, layout_concentric_octagons,
          nicolae_lair_liquid_snakes
Shoals:1: layout_shoals, serial_shops, shop
Shoals:2: layout_shoals, nicolae_shoals_siren_and_animal_friends
Shoals:3: layout_shoals, nicolae_shoals_elemental_ambush, uniq_kirke
Shoals:4: shoals_end_hellmonk_lost_city, uniq_polyphemus
Snake:1:  layout_chambers
Snake:2:  layout_onion_interference, basic_altar
Snake:3:  layout_concentric_octagons, special_room
Snake:4:  minmay_snake_end_coiled, layout_cave_town,
          gammafunk_ghost_abyssal_escape, nicolae_snake_omega
Orc:1:    cheibrodos_orc_bank, layout_caves, uniq_urug
Orc:2:    st_orc_congregation, layout_caves, basic_altar,
          dreamdust_deal_with_the_devil, uniq_maurice
Elf:1:    layout_onion_city, portal_desolation_entry_nicolae_nacl, serial_shops,
          nicolae_shop_window_shopping, minivault_24, eino_tiny_chamber,
          uniq_nikola
Elf:2:    elven_hall_of_blades_hangedman_alternative
          [infiniplex_blade_entry_pillars], layout_gridlike, serial_shops,
          nicolae_stop_n_shop_1, uniq_agnes
Elf:3:    grunt_elf_hall_spiral, layout_loops_corners, st_stairs_1
Vaults:1: vaults_room_large_hall, nicolae_vaults_network_quincunx
          [nicolae_vaults_network_quincunx_subvault,
          nicolae_vaults_network_quincunx_subvault,
          nicolae_vaults_network_quincunx_subvault,
          nicolae_vaults_network_quincunx_subvault,
          nicolae_vaults_network_quincunx_subvault], v_misc_25, v_alt_pattern_5,
          v_alt_pattern_6, hangedman_vaults_corner, vaults_room_corners,
          nicolae_vaults_little_squares_6, grunt_vaults_focal,
          ontoclasm_vaults_ring_small, nicolae_vaults_alarming,
          vaults_room_pool, vaults_room_pools, layout_vaults_omnicross,
          uniq_aizul
Vaults:2: nicolae_vaults_little_squares_2, v_rooms_3, hangedman_vaults_cutoff,
          nicolae_vaults_little_squares_4, vaults_room_door_hall,
          layout_vaults_omnigrid, uniq_frederick, uniq_donald
Vaults:3: blue_anna_dwarven_crypt, ontoclasm_vaults_ring_small, v_misc_33,
          hangedman_vaults_unwind, nicolae_vaults_minivaults,
          ontoclasm_vaults_ring_square, v_misc_29, grunt_vaults_funnel,
          v_misc_19, dpeg_vaults_monster_box, v_rooms_4, vaults_dpeg_spiral,
          layout_vaults_omnibox, uniq_margery
Vaults:4: hangedman_vaults_stream, nicolae_vaults_ninety_degrees,
          vaults_room_door_ring, v_rooms_1, hangedman_vaults_capsules,
          vaults_dpeg_ring, ontoclasm_vaults_decontamination, layout_vaults_ring
Vaults:5: uniq_xtahua
Depths:1: layout_basic, abyss_entry, nicolae_gozag_seed_capital,
          lightli_too_deep, hangedman_aerie_drop
Depths:2: minmay_outward_triangles, layout_gridlike, minmay_misc_feat_chi,
          rand_demon_pan_entry_5, pf_coc_iceberg, amcnicky_mini_pool_small,
          serial_nicolae_subway, nicolae_sub_station_metal,
          nicolae_sub_station_crystal, nicolae_sub_station_stone,
          infiniplex_staircase_trident, grunt_megastairs_2
Depths:3: minmay_bad_star, layout_twisted_cross, enter_ziggurat_f,
          rand_demon_pan_entry_3, abyss_entry, hell_entry,
          chequers_serial_rivers_micro_d, uniq_sojobo
Depths:4: grunt_twist_and_shout, layout_gridlike, nicolae_uskayaw_suspiria,
          pf_hell_entry_tar_river, mu_enter_wizlab_3, minmay_misc_feat_cross
Zot:1:    layout_gridville
Zot:2:    cheibrodos_zot_enchanting_chambers, layout_cathedral_of_symmetry
Zot:3:    layout_twisted_circle

Skill      XL: |  1  2  3  4  5  6  7  8  9 10 11 12 13 14 15 16 17 18 19 20 21 22 23 24 25 |
---------------+----------------------------------------------------------------------------+-----
Fighting       | 4 5 6 8 9 11 12 13 14 15 16 17 18 19 20 21 22 | 22.4
Axes           | 3 4 5 6 9 10 11 12 14 15 16 17 18 19 | 19.8
Armour         | 1 2 3 5 7 8 9 10 11 12 13 14 15 16 17 18 19 20 | 20.5
Dodging        | 2 4 7 8 9 10 11 | 11.8
Evocations     | 3 5 7 8 9 10 12 13 14 | 14.1
Invocations    | 5 8 10 12 13 14 15 16 17 18 19 20 | 20.0
Shields        | 2 8 11 14 16 17 19 20 | 20.8
Maces & Flails | 1 4 |  4.5
Throwing       | 3 5 11 14 | 14.9
Stealth        | |  4.1

Action                   |  1- 3 |  4- 6 |  7- 9 | 10-12 | 13-15 | 16-18 | 19-21 | 22-24 | 25-27 || total
-------------------------+-------+-------+-------+-------+-------+-------+-------+-------+-------++-------
Melee: Hand axe          |    22 |   264 |   245 |    17 |    31 |    22 |       |       |       ||   601
       Punch             |     1 |     3 |     5 |       |     2 |       |       |       |       ||    11
       Battleaxe         |       |       |    20 |   466 |   934 |   170 |       |       |       ||  1590
       Executioner's axe |       |       |       |       |       |   954 |       |       |       ||   954
       Demon whip        |       |       |       |       |       |    89 |  2533 |  2739 |   895 ||  6256
Throw: Dart              |       |       |       |       |       |       |     2 |     2 |       ||     4
       Javelin           |       |       |       |       |       |       |       |     2 |    15 ||    17
Invok: Minor Destruction |       |       |       |    39 |    23 |     5 |    10 |       |     2 ||    79
       Lesser Servant of |       |       |       |     1 |    10 |    32 |    15 |     7 |     1 ||    66
       Major Destruction |       |       |       |       |     4 |     2 |       |     3 |       ||     9
       Greater Servant o |       |       |       |       |       |     1 |     2 |     8 |     6 ||    17
 Abil: Evoke Blink       |       |       |       |       |       |       |     2 |       |       ||     2
Evoke: Wand              |       |       |     6 |    10 |     4 |     4 |    14 |     2 |     1 ||    41
       Condenser vane    |       |       |       |     1 |     1 |     1 |     4 |     5 |     1 ||    13
       Phantom mirror    |       |       |       |       |     1 |       |     2 |     1 |     1 ||     5
       Box of beasts     |       |       |       |       |       |       |     3 |     1 |     2 ||     6
       Tin of tremorston |       |       |       |       |       |       |     2 |     2 |       ||     4
  Use: Scroll            |     1 |     7 |     7 |     4 |     7 |    19 |    28 |     7 |     4 ||    84
       Potion            |       |     3 |     8 |     5 |     5 |    12 |    13 |     1 |     7 ||    54
 Stab: Sleeping          |     1 |    13 |       |       |       |       |       |       |       ||    14
       Distracted        |       |     1 |       |     1 |     4 |     3 |    10 |     9 |     3 ||    31
       Invisible         |       |       |       |       |     5 |     3 |     1 |       |       ||     9
       Paralysed         |       |       |       |       |       |       |     5 |       |       ||     5
       Petrified         |       |       |       |       |       |       |     8 |       |       ||     8
       Petrifying        |       |       |       |       |       |       |     1 |       |       ||     1
       Confused          |       |       |       |       |       |       |       |       |     3 ||     3
Armor: Leather armour    |    10 |     5 |       |       |       |       |       |       |       ||    15
       Ring mail         |       |    65 |       |       |       |       |       |       |       ||    65
       Plate armour      |       |    19 |   111 |       |       |       |   276 |   607 |   178 ||  1191
       Chain mail        |       |       |    27 |   351 |   649 |   986 |   595 |       |       ||  2608
       Skin              |       |       |     7 |       |       |       |       |       |       ||     7
       Gold dragon scale |       |       |       |       |       |       |       |   127 |     5 ||   132
Dodge: Dodged            |    17 |   146 |    86 |   227 |   502 |   617 |   675 |   672 |   208 ||  3150
Block: Tower shield      |       |       |       |       |       |    57 |  1920 |  2571 |   756 ||  5304
       Reflection        |       |       |       |       |       |       |   101 |    86 |     6 ||   193
